 Dungeon Crawl Stone Soup version 0.23-a0-582-g1b4a0ca (webtiles) character file.

2086 Atlas the Magician (level 9, -7/62 HPs)
             Began as a Mummy Necromancer on Dec 17, 2018.
             Was an Initiate of Gozag.
             Killed from afar by a quasit (13 damage)
             ... with an exploding inner flame
             ... hexed by the player character
             ... on level 7 of the Dungeon.
             The game lasted 00:12:44 (6784 turns).

Atlas the Magician (Mummy Necromancer)              Turns: 6784, Time: 00:12:46

Health: -7/62      AC:  9    Str: 11      XL:     9   Next: 6%
Magic:  9/28       EV: 11    Int: 18      God:    Gozag
Gold:   672        SH:  0    Dex: 11 (12) Spells: 18/22 levels left

rFire    x . .     SeeInvis .   n - +1 flail (drain)
rCold    + + .     Gourm    .   (no shield)
rNeg     + + +     Faith    .   e - +0 ring mail
rPois    ∞         Spirit   .   (no helmet)
rElec    .         Reflect  .   o - +0 cloak
rCorr    .         Harm     .   k - +0 pair of gloves
MR       +....                  a - +0 pair of boots
Stlth    +.........             (no amulet)
HPRegen  0.20/turn              c - ring of magical power
MPRegen  0.21/turn              h - ring of protection from cold

@: no status effects
A: no food or potions, fire vulnerability, cold resistance 1, negative energy
resistance 3, torment resistance, unbreathing
a: Potion Petition, Call Merchant, Bribe Branch, Renounce Religion


You were on level 7 of the Dungeon.
You worshipped Gozag.
Gozag was pleased with you.
You were not hungry.

You visited 2 branches of the dungeon, and saw 8 of its levels.

You collected 710 gold pieces.
You paid 38 gold pieces to Gozag.

Inventory:

Hand Weapons
 n - a +1 flail of draining (weapon)
Armour
 a - a +0 pair of boots (worn)
 e - a +0 ring mail (worn)
 k - a +0 pair of gloves (worn)
 o - a +0 cloak (worn)
Magical Staves
 j - an uncursed staff of air
Jewellery
 c - a ring of magical power (left hand)
 h - a ring of protection from cold (right hand)
Wands
 l - a wand of disintegration (1)
 r - a wand of paralysis (13)
Scrolls
 b - a scroll of noise
 d - 3 scrolls of remove curse
 f - 4 scrolls of identify
 g - 3 scrolls of magic mapping
 i - 3 scrolls of enchant weapon


   Skills:
 + Level 2.7 Fighting
 + Level 4.5 Maces & Flails
 + Level 4.1 Armour
 + Level 3.4 Dodging
 - Level 1.5 Stealth
 + Level 0.1 Unarmed Combat
 + Level 7.2 Spellcasting
 + Level 6.5 Necromancy
 + Level 0.4 Evocations


You had 18 spell levels left.
You knew the following spells:

 Your Spells              Type           Power        Failure   Level  Hunger
a - Pain                  Necr           ####         1%          1    N/A
c - Vampiric Draining     Necr           ####......   4%          3    N/A

Your spell library contained the following spells:

 Spells                   Type           Power        Failure   Level  Hunger
 Animate Skeleton         Necr           N/A          1%          1    N/A
 Animate Dead             Necr           N/A          16%         4    N/A
 Regeneration             Chrm/Necr      Unusable     N/A         3    N/A

Dungeon Overview and Level Annotations

Branches:
Dungeon (6/15)             Temple (1/1) D:4

Altars:
Elyvilon
Gozag
Okawaru
Trog
Vehumet


Innate Abilities, Weirdness & Mutations

You do not eat or drink.
Your flesh is vulnerable to fire.
You are immune to poison.
Your flesh is cold resistant. (rC+)
You are immune to negative energy. (rN+++)
You are immune to unholy pain and torment.
You can survive without breathing.


Message History

Unknown command.
Casting: Vampiric Draining (safe; 4% risk of failure)
Confirm with . or Enter, or press ? or * to list all spells.
Aiming: Vampiric Draining (safe; 4% risk of failure)
Press: ? - help, Shift-Dir - straight line, f - leopard gecko
Aim: a leopard gecko (clinging, inner flame)
The leopard gecko explodes!
The fiery explosion engulfs your leopard gecko.
You kill your leopard gecko!
Your leopard gecko's corpse dissolves into shadows!
The fiery explosion engulfs you! The fire burns you terribly!
* * * LOW HITPOINT WARNING * * *
The fiery explosion engulfs your orc warrior.
You kill your orc warrior!
Your orc warrior's corpse dissolves into shadows!
The fiery explosion engulfs the quasit.
The quasit resists.
The quasit explodes!
The fiery explosion engulfs you! The fire burns you terribly!
You die...
Your body crumbles into a pile of gold.

##################
#@§§goo......)....
#§§Y.g............
#O################
#l# #.# #.# #.#
#.# #?#


You could see an ice beast (inner flame), an ogre (inner flame), 2 gnolls, 2
friendly orcs and a friendly leopard gecko.

Vanquished Creatures
  Grinder (D:6)
  A hungry ghost (D:7)
  A water moccasin (D:7)
  A phantom (D:5)
  2 ogres (D:5)
  2 bullfrogs (D:4)
  A scorpion (D:4)
  5 killer bees (D:7)
  A howler monkey (D:6)
  A centaur zombie (D:6)
  A quasit (D:5)
  3 hounds
  A jelly (D:6)
  3 orc priests
  4 orc wizards
  Ijyb (D:3)
  7 worker ants
  A hound skeleton (D:6)
  A worker ant zombie (D:5)
  4 gnolls
  17 adders
  A shadow imp (D:5)
  An adder skeleton (D:5)
  An adder zombie (D:5)
  3 worms
  3 dart slugs (D:1)
  6 leopard geckos
  19 orcs
  6 giant cockroaches
  9 goblins
  8 hobgoblins
  4 jackals
  6 quokkas
  7 ball pythons
  11 bats
  4 frilled lizards
  A jackal skeleton (D:6)
  6 kobolds
  A leopard gecko skeleton (D:5)
  7 rats
163 creatures vanquished.

Notes
Turn   | Place    | Note
-------+----------+-------------------------------------------
     0 | D:1      | Atlas the Mummy Necromancer began the quest for the Orb.
     0 | D:1      | Reached XP level 1. HP: 13/13 MP: 4/4
   481 | D:1      | Reached XP level 2. HP: 19/19 MP: 5/5
   633 | D:1      | Reached skill level 3 in Spellcasting
   956 | D:1      | Reached XP level 3. HP: 24/24 MP: 7/7
   961 | D:1      | Learned a level 3 spell: Vampiric Draining
  1345 | D:2      | Reached skill level 4 in Spellcasting
  1522 | D:2      | Reached XP level 4. HP: 30/30 MP: 10/10
  1597 | D:2      | Reached skill level 5 in Necromancy
  2145 | D:3      | Reached XP level 5. HP: 33/35 MP: 11/11
  2333 | D:3      | Noticed Ijyb
  2354 | D:3      | Killed Ijyb
  2354 | D:3      | Reached skill level 5 in Spellcasting
  3131 | D:4      | Found a staircase to the Ecumenical Temple.
  3142 | Temple   | Entered the Ecumenical Temple
  3155 | Temple   | Became a worshipper of Gozag Ym Sagoz the Greedy
  3317 | D:4      | Reached XP level 6. HP: 42/42 MP: 14/14
  3477 | D:4      | You fall through a shaft!
  3477 | D:5      | Entered Level 5 of the Dungeon
  3485 | D:5      | Reached skill level 1 in Armour
  3522 | D:4      | Reached skill level 1 in Fighting
  3522 | D:4      | Reached skill level 1 in Maces & Flails
  3558 | D:4      | Reached skill level 6 in Spellcasting
  3560 | D:4      | Reached XP level 7. HP: 34/48 MP: 0/16
  5207 | D:5      | Reached XP level 8. HP: 51/55 MP: 17/17
  6012 | D:6      | Noticed Grinder
  6285 | D:6      | Killed Grinder
  6285 | D:6      | Reached skill level 7 in Spellcasting
  6635 | D:6      | You fall through a shaft!
  6727 | D:7      | Reached XP level 9. HP: 30/62 MP: 3/19
  6784 | D:7      | Killed from afar by a quasit

Vault maps used:
D:1:      erik_arrival_triangle_medium, serial_bayou_ford_a
D:2:      first_ration
D:3:      saegor_snake_ambush, uniq_ijyb
D:4:      minmay_temple_entry_butterflies, minmay_snake_closets
D:5:      minmay_hedge_maze
D:6:      fedhas_altar_fruit_tree, uniq_grinder
D:7:      uniq_harold
Temple:   regret_index_temple_sigil_plot

Skill      XL: |  1  2  3  4  5  6  7  8 |
---------------+-------------------------+-----
Spellcasting   | 3 4 5 6 7 |  7.2
Necromancy     | 5 6 |  6.5
Armour         | 1 2 4 |  4.1
Fighting       | 1 2 |  2.7
Maces & Flails | 1 3 4 |  4.5
Dodging        | 2 3 |  3.4
Stealth        | |  1.5
Unarmed Combat | |  0.1
Evocations     | |  0.4

Action                   |  1- 3 |  4- 6 |  7- 9 || total
-------------------------+-------+-------+-------++-------
Melee: Unarmed           |     5 |     2 |       ||     7
       Flail             |       |    75 |   321 ||   396
       Dagger            |       |    18 |       ||    18
       Punch             |       |       |     1 ||     1
 Cast: Pain              |    79 |   108 |       ||   187
       Vampiric Draining |       |    11 |    15 ||    26
Evoke: Wand              |       |       |     5 ||     5
  Use: Scroll            |       |     1 |     7 ||     8
 Stab: Sleeping          |       |     1 |       ||     1
       Distracted        |       |       |     2 ||     2
Armor: Robe              |     2 |       |       ||     2
       Ring mail         |     3 |    71 |   233 ||   307
Dodge: Dodged            |    16 |    82 |   272 ||   370

Table legend:
 A = Non-vault XP
 B = Vault XP
 C = Vault XP percentage of total XP
 D = Non-vault monster count
 E = Vault monster count
 F = Vault count percentage of total count
                 A         B        C        D         E       F
            +---------+---------+-------+---------+---------+-------
      Total |    2556 |     425 |  14.3 |     147 |      16 |   9.8
            +---------+---------+-------+---------+---------+-------
        D:1 |      53 |       0 |   0.0 |      30 |       0 |   0.0
        D:2 |      91 |       0 |   0.0 |      21 |       0 |   0.0
        D:3 |     130 |      63 |  32.6 |      32 |       4 |  11.1
        D:4 |     556 |      76 |  12.0 |      20 |      11 |  35.5
        D:5 |     716 |       0 |   0.0 |      21 |       0 |   0.0
        D:6 |     361 |     286 |  44.2 |      16 |       1 |   5.9
        D:7 |     649 |       0 |   0.0 |       7 |       0 |   0.0
            +---------+---------+-------+---------+---------+-------
